Map: Dusk Towers

Players

Woodenspoon - Winner!

  • Race: Terran Terran
  • League: Bronze

CaGEDHaTE

  • Race: Zerg Zerg

VOD

Have the link to the VOD?

Description

Time

  • Played on: Feb. 11, 2016, 11:07 a.m.
  • Length: 9:18
Show
View Real Time Build Order
Export as new Build Order

Woodenspoon Terran - Winner!

Build Orders:  

Get SALT Encoding   

  12  0:00  SCV  
  13  0:17  Supply Depot  
  13  0:22  SCV  
  14  0:35  SCV  
  15  0:40  Barracks  
  15  0:49  SCV  
  16  1:01  SCV  
  17  1:10  Supply Depot  
  17  1:14  SCV  
  18  1:34  Command Center  
  18  1:35  SCV  
  18  1:38  Marine  
  20  1:42  Refinery  
  20  1:50  SCV, Refinery  
  21  2:00  Marine  
  22  2:02  SCV  
  23  2:15  SCV  
  24  2:18  Marine  
  25  2:27  SCV  
  26  2:38  Factory, Marine  
  26  2:40  Orbital Command  
  27  2:48  SCV  
  28  2:57  Barracks Reactor  
  28  3:00  SCV  
  29  3:06  Refinery  
  29  3:07  Refinery  
  29  3:08  SCV  
  29  3:12  SCV  
  31  3:20  SCV  
  31  3:24  SCV  
  33  3:28  Factory Tech Lab  
  33  3:32  SCV  
  34  3:34  Marine x2  
  34  3:36  SCV  
  37  3:44  SCV  
  38  3:48  SCV  
  38  3:52  Marine x2  
  41  3:56  SCV  
  41  3:57  Armory  
  41  3:59  Supply Depot  
  41  4:00  SCV  
  43  4:04  Widow Mine  
  43  4:09  SCV  
  46  4:18  Engineering Bay  
  46  4:20  SCV  
  46  4:21  SCV  
  46  4:22  Supply Depot  
  48  4:32  SCV  
  48  4:33  SCV  
  48  4:35  Marine  
  48  4:36  Marine  
  48  4:38  Factory  
  52  4:44  Supply Depot, SCV  
  52  4:45  SCV  
  54  4:46  Terran Vehicle And Ship Armor Level 1  
  54  4:55  Marine x2  
  54  4:57  SCV  
  58  5:03  Orbital Command  
  57  5:09  SCV  
  58  5:14  Missile Turret  
  58  5:16  Missile Turret  
  58  5:21  SCV  
  58  5:23  Supply Depot x2, Missile Turret  
  58  5:24  Missile Turret  
  58  5:26  Marine  
  60  5:33  SCV  
  61  5:37  Thor  
  61  5:38  Factory Tech Lab  
  61  5:39  Missile Turret  
  67  5:45  SCV  
  67  5:46  Supply Depot  
  67  5:49  SCV  
  69  5:53  Marine x2  
  71  5:57  SCV  
  72  6:09  Supply Depot  
  72  6:10  SCV  
  73  6:13  Thor  
  79  6:19  Marine x2  
  79  6:22  SCV, Command Center  
  82  6:26  Terran Infantry Weapons Level 1  
  82  6:28  Hellion  
  82  6:30  Barracks  
  84  6:35  SCV  
  85  6:50  Hellion  
  87  7:05  SCV  
  87  7:07  SCV  
  89  7:10  Marine x2  
  89  7:14  Hellion x2  
  95  7:19  SCV  
  95  7:20  SCV  
  95  7:32  SCV x2  
  97  7:38  Barracks Tech Lab  
  97  7:39  Marine x2  
  97  7:42  Hellion x2  
  97  7:44  SCV x2  
  105  7:50  Supply Depot  
  105  7:52  SCV  
  105  7:53  Refinery  
  105  7:56  SCV x2  
  105  7:57  Marine x2  
  101  8:03  Thor x2  
  101  8:04  SCV  
  98  8:08  SCV  
  83  8:13  Supply Depot  
  83  8:14  Marine  
  83  8:15  Marine  
  83  8:16  SCV  
  82  8:20  SCV  
  82  8:23  Marine  
  84  8:32  SCV, Marine x2  
  84  8:33  SCV x2  
  89  8:37  Supply Depot, Refinery  
  89  8:41  Marine  
  90  8:45  SCV x2  
  90  8:46  Siege Tank x2  
  94  8:50  Marine x2  
  96  8:57  SCV x2  
  96  8:58  Marine  
  99  9:03  Starport  
  99  9:06  Starport  
Show
View Real Time Build Order
Export as new Build Order

CaGEDHaTE Zerg 

Build Orders: Hatch First 

Get SALT Encoding   

  12  0:01  Drone  
  13  0:12  Overlord  
  13  0:18  Drone  
  14  0:30  Drone  
  14  0:31  Drone  
  14  0:34  Drone  
  17  0:46  Drone  
  18  0:56  Drone  
  19  1:02  Hatchery  
  18  1:15  Spawning Pool  
  18  1:16  Extractor  
  17  1:18  Drone  
  17  1:20  Drone  
  18  1:28  Drone  
  19  1:39  Drone  
  20  1:50  Overlord  
  20  2:03  Queen, Spine Crawler  
  20  2:06  Drone  
  22  2:13  Queen  
  22  2:14  Drone  
  25  2:24  Roach Warren  
  25  2:26  Drone x2  
  25  2:28  Drone  
  27  2:47  Spore Crawler  
  27  2:48  Drone x3, Spore Crawler  
  27  2:50  Drone  
  29  2:59  Queen  
  31  3:15  Overlord x2  
  31  3:24  Drone x2  
  31  3:25  Drone x3  
  36  3:35  Lair  
  36  3:42  Drone x3  
  36  3:43  Drone x3  
  42  3:56  Spore Crawler  
  42  3:57  Spore Crawler  
  40  4:13  Roach x3  
  40  4:14  Roach x3  
  40  4:16  Overlord  
  52  4:40  Hydralisk Den  
  52  4:41  Roach x4  
  52  4:43  Zergling x2  
  60  4:46  Overlord x2  
  60  5:05  Drone  
  60  5:06  Drone x5  
  66  5:08  Hatchery  
  66  5:11  Extractor  
  66  5:12  Extractor  
  63  5:26  Evolution Chamber  
  63  5:27  Evolution Chamber  
  61  5:42  Overseer  
  61  5:49  Roach x4  
  73  5:50  Roach x3  
  73  5:52  Overlord  
  75  6:00  Zerg Ground Armor Level 1  
  75  6:13  Zerg Missile Weapons Level 1  
  75  6:18  Hydralisk  
  75  6:23  Zergling x18  
  86  6:26  Overlord  
  86  6:28  Queen  
  88  6:43  Zergling x4  
  88  6:45  Zergling x10  
  95  6:49  Overseer  
  95  6:53  Roach  
  97  7:09  Overlord x3  
  97  7:20  Muscular Augments  
  97  7:26  Hydralisk  
  97  7:27  Hydralisk x5  
  109  7:30  Roach x2  
  109  7:33  Roach  
  115  7:45  Roach x3  
  97  8:09  Roach x9  
  113  8:59  Roach x4  
Tags
 
Add a new tag
Caveats
  • Supply blocks, unpowered buildings, or Contaminate may cause inaccurate times.
  • Supply counts are checked every 10 seconds.